 Dungeon Crawl Stone Soup version 0.20-a0-957-g47ad1fd (webtiles) character file.

128 Lifeless the Skirmisher (level 4, 0/37 HPs)
             Began as a Demonspawn Abyssal Knight on Apr 5, 2017.
             Was a Believer of Lugonu.
             Slain by Natasha (9 damage)
             ... on level 3 of the Dungeon.
             The game lasted 00:08:55 (3404 turns).

Lifeless the Skirmisher (Demonspawn Abyssal Knight) Turns: 3404, Time: 00:08:56

Health: 0/37       AC:  6    Str: 13    XL:     4   Next: 87%
Magic:  14/14      EV: 14    Int: 13    God:    Lugonu [**....]
Gold:   101        SH:  0    Dex: 13    Spells: 3/3 levels left

rFire    . . .     SeeInvis .   a - +1 falchion
rCold    . . .     Gourm    .   (no shield)
rNeg     . . .     Faith    .   b - +0 leather armour
rPois    .         Spirit   .   (no helmet)
rElec    .         Reflect  .   (no cloak)
rCorr    .         Harm     .   (no gloves)
MR       .....                  t - +2 pair of boots
Stlth    +.........             (no amulet)
Regen    0.2/turn               s - ring of magical power
MPRegen  0.2/turn               (no ring)

@: no status effects
A: claws 2, repulsion field 1
a: Depart the Abyss, Bend Space, Renounce Religion


You were on level 3 of the Dungeon.
You worshipped Lugonu.
Lugonu was pleased with you.
You were not hungry.

You visited 1 branch of the dungeon, and saw 3 of its levels.
You visited the Abyss 1 time.

You collected 101 gold pieces.

Inventory:

Hand Weapons
 a - a +1 falchion (weapon)
 g - a +0 dagger of venom
Armour
 b - a +0 leather armour (worn)
 t - a +2 pair of boots (worn)
Jewellery
 n - an uncursed ring of fire
 s - a ring of magical power (left claw)
Scrolls
 e - a scroll of enchant weapon {unknown}
 h - 2 scrolls of identify {unknown}
 k - a scroll of amnesia {unknown}
 p - a scroll of teleportation {unknown}
Potions
 d - 7 potions of curing {unknown}
 f - a potion of lignification {unknown}
 j - 2 potions of flight {unknown}
 l - a potion of haste {unknown}
 o - a potion of resistance {unknown}
 q - a potion of heal wounds {unknown}
 r - a potion of agility
Comestibles
 c - 4 bread rations
 i - a fruit
 m - a royal jelly
 u - a meat ration


   Skills:
 * Level 4.1 Fighting
 + Level 2.7 Long Blades
 + Level 2.2 Armour
 + Level 2.1 Dodging
 + Level 2.6 Invocations


You had 3 spell levels left.
You didn't know any spells.

Dungeon Overview and Level Annotations

Branches:
Dungeon (3/15)

Altars:
Gozag

Annotations:
D:3 Natasha


Innate Abilities, Weirdness & Mutations

You have very sharp fingernails.
You are surrounded by a mild repulsion field. (EV +2)


Message History

You closely miss Natasha. Natasha claws you.
Natasha claws you but does no damage.
You slash Natasha!
Natasha is heavily wounded.
Natasha completely misses you.
You hit Natasha.
Natasha is heavily wounded.
Natasha claws you.
You closely miss Natasha.
Natasha is heavily wounded.
Natasha stares at you and mumbles some strange words.
The magic dart hits you!
* * * LOW HITPOINT WARNING * * *
You barely miss Natasha.
Natasha is heavily wounded.
Natasha claws you but does no damage.
You closely miss Natasha.
Natasha is heavily wounded.
Natasha claws you!
You die...

#. #. #######.
#....... #.####.#
####### #.# #.#
#.....# #.# #.#
#.###.#
###.####.# #@#
#.# #...#<...#
#h#
#.###.########
#.#
#>............
#.#
#.############
#.# #.# #.# #.#
#.###.###########
#.#.............#
#.#.#########.#


You could see Natasha.

Vanquished Creatures
  6 adders
  An ooze (D:3)
  A worm (D:3)
  6 dart slugs
  4 leopard geckos
  An orc (D:3)
  3 giant cockroaches
  5 goblins
  8 hobgoblins
  2 jackals (D:2)
  5 kobolds
  A quokka (D:3)
  3 bats
  2 frilled lizards
  4 rats
52 creatures vanquished.

Notes
Turn   | Place    | Note
-------+----------+-------------------------------------------
     0 | Abyss:1  | Lifeless the Demonspawn Abyssal Knight began the quest for the Orb.
     0 | Abyss:1  | Reached XP level 1. HP: 18/18 MP: 2/2
     0 | Abyss:1  | Found a snail-covered altar of Cheibriados.
    21 | D:1      | Escaped the Abyss
   302 | D:1      | Reached skill level 1 in Dodging
   390 | D:1      | Gained mutation: You have sharp fingernails. [demonic ancestry]
   390 | D:1      | Reached XP level 2. HP: 17/24 MP: 3/3
  1291 | D:2      | Gained mutation: You have very sharp fingernails. [demonic ancestry]
  1291 | D:2      | Reached XP level 3. HP: 22/29 MP: 4/4
  1902 | D:2      | Reached ** piety under Lugonu
  2273 | D:2      | Gained mutation: You are surrounded by a mild repulsion field. (EV +2) [demonic ancestry]
  2273 | D:2      | Reached XP level 4. HP: 37/37 MP: 5/5
  2387 | D:2      | Found an opulent altar of Gozag.
  2534 | D:3      | Reached skill level 4 in Fighting
  3394 | D:3      | Noticed Natasha
  3404 | D:3      | Slain by Natasha

Vault maps used:
D:1:      dpeg_arrival_chambers_temple_mockup, minivault_26
D:2:      overflow_temple_1_default, serial_glass, glass_columns_b,
          glass_columns_a, glass_columns_c, glass_columns_a, glass_columns_a,
          glass_columns_b, feat_on_display
D:3:      uniq_natasha

Skill      XL: |  1  2  3  4 |
---------------+-------------+-----
Dodging        | 1 2 |  2.1
Long Blades    | 2 |  2.7
Armour         | 2 |  2.2
Fighting       | 4 |  4.1
Invocations    | |  2.6

Action                   |  1- 3 |  4- 6 || total
-------------------------+-------+-------++-------
Melee: Falchion          |    96 |    87 ||   183
 Stab: Sleeping          |       |     1 ||     1
  Eat: Chunk             |     4 |     4 ||     8
Armor: Leather armour    |    24 |    19 ||    43
Dodge: Dodged            |    66 |    49 ||   115
       Rpst.: Falchion   |    23 |    15 ||    38
